General information
- name: BNet
- type: Ladder 1vs1/FFA
- host: Battle.net
- saver: grannysghost
map: TwistedMeadows
- players: 2
- length: 62:47
- speed: Fast
- version: 1.26 W3XP
- replay type: Public
» download(182 KB)
Players
team 1 (winner)
grannysghost (
yellow | 64 APM | 4009 actions | 62:47)
9 Goblin Alchemist
3 Healing Spray
3 Acid Bomb
2 Chemical Rage
1 Transmute
» actions
| Assign group hotkey | 94 | |
| Basic commands | 57 | |
| Build / train | 252 | |
| ESC pressed | 17 | |
| Enter build submenu | 128 | |
| Enter hero's abilities submenu | 11 | |
| Give item / drop item | 7 | |
| Remove unit from queue | 4 | |
| Right click | 1277 | |
| Select / deselect | 796 | |
| Select group hotkey | 858 | |
| Use ability | 508 | |
4009 total
» units
| Peasant | 36 | |
| Footman | 12 | |
| Goblin Shredder | 3 | |
| Goblin Zeppelin | 11 | |
| Goblin Sapper | 38 | |
| Dragonhawk Rider | 5 | |
| Priest | 2 | |
| Gryphon Rider | 8 | |
115 total
» upgrades
| Defend | 1 | |
| Masonry | 3 | |
| Lumber Harvesting | 0 | |
| Swords | 3 | |
| Armor | 3 | |
| Animal War Training | 1 | |
| Storm Hammers | 1 | |
| Cloud | 1 | |
| Magic Sentry | 1 | |
| Sorceress Training | 2 | |
| Priest Training | 2 | |
| Control Magic | -1 | |
| Gunpowder | 3 | |
| Plating | 3 | |
23 total
» buildings
| Barracks | 1 | |
| Farm | 14 | |
| Altar of Kings | 2 | |
| Keep | 2 | |
| Lumber Mill | 1 | |
| Scout Tower | 284 | |
| Town Hall | 7 | |
| Arcane Tower | 6 | |
| Guard Tower | 79 | |
| Castle | 2 | |
| Arcane Vault | 1 | |
| Blacksmith | 2 | |
| Gryphon Aviary | 5 | |
| Arcane Sanctum | 1 | |
407 total
» build order
00:07 Barracks
00:31 Farm
01:02 Farm
01:05 Altar of Kings
01:37 Farm
02:15 Farm
02:47 Farm
03:53 Farm
04:38 Keep
05:04 Lumber Mill
05:06 Scout Tower
05:26 Town Hall
06:46 Scout Tower
06:47 Scout Tower
06:51 Scout Tower
06:59 Arcane Tower
07:01 Scout Tower
07:03 Scout Tower
07:25 Guard Tower
07:28 Scout Tower
07:31 Scout Tower
07:57 Castle
08:07 Guard Tower
09:04 Guard Tower
09:06 Scout Tower
09:06 Scout Tower
09:07 Scout Tower
09:09 Arcane Vault
09:10 Scout Tower
09:11 Scout Tower
09:12 Scout Tower
09:16 Blacksmith
09:18 Farm
09:37 Scout Tower
09:40 Gryphon Aviary
09:43 Gryphon Aviary
09:46 Gryphon Aviary
10:08 Guard Tower
10:11 Guard Tower
10:13 Farm
10:13 Farm
10:14 Farm
10:15 Farm
11:41 Arcane Tower
11:57 Farm
11:58 Farm
15:50 Arcane Sanctum
16:17 Scout Tower
16:17 Scout Tower
16:18 Scout Tower
16:19 Scout Tower
16:19 Scout Tower
16:46 Guard Tower
16:49 Guard Tower
17:40 Guard Tower
18:32 Scout Tower
18:33 Scout Tower
18:33 Scout Tower
18:33 Scout Tower
18:35 Scout Tower
18:35 Scout Tower
18:35 Scout Tower
18:36 Scout Tower
18:39 Town Hall
18:51 Scout Tower
18:51 Scout Tower
18:54 Scout Tower
18:55 Scout Tower
19:11 Scout Tower
19:12 Scout Tower
19:12 Scout Tower
19:13 Scout Tower
19:13 Scout Tower
19:14 Scout Tower
19:14 Scout Tower
19:15 Scout Tower
19:16 Guard Tower
19:40 Guard Tower
19:48 Guard Tower
19:50 Guard Tower
19:53 Guard Tower
19:59 Guard Tower
20:03 Scout Tower
20:03 Scout Tower
20:04 Scout Tower
20:04 Scout Tower
20:05 Scout Tower
20:15 Guard Tower
20:59 Guard Tower
21:20 Guard Tower
22:30 Guard Tower
22:48 Scout Tower
22:48 Scout Tower
22:49 Scout Tower
22:49 Scout Tower
22:49 Scout Tower
22:50 Scout Tower
22:50 Scout Tower
22:51 Scout Tower
22:51 Scout Tower
22:51 Scout Tower
22:52 Scout Tower
22:52 Scout Tower
22:53 Scout Tower
22:55 Scout Tower
22:55 Scout Tower
22:56 Scout Tower
23:27 Guard Tower
23:34 Scout Tower
23:35 Scout Tower
23:35 Scout Tower
23:35 Scout Tower
23:42 Guard Tower
24:13 Guard Tower
24:28 Guard Tower
25:26 Arcane Tower
27:27 Scout Tower
27:27 Scout Tower
27:28 Scout Tower
27:28 Scout Tower
27:29 Scout Tower
27:29 Scout Tower
27:29 Scout Tower
27:30 Scout Tower
27:30 Scout Tower
27:30 Scout Tower
27:31 Scout Tower
27:31 Scout Tower
27:31 Scout Tower
27:32 Scout Tower
27:32 Scout Tower
27:32 Scout Tower
27:32 Scout Tower
27:41 Town Hall
28:10 Guard Tower
28:10 Guard Tower
28:30 Guard Tower
28:32 Scout Tower
28:32 Scout Tower
28:33 Scout Tower
28:33 Scout Tower
28:34 Scout Tower
28:34 Scout Tower
28:35 Scout Tower
28:35 Scout Tower
28:36 Scout Tower
28:37 Scout Tower
28:37 Scout Tower
28:38 Scout Tower
28:41 Guard Tower
29:24 Guard Tower
30:14 Guard Tower
30:31 Guard Tower
30:59 Farm
31:36 Town Hall
32:06 Guard Tower
40:31 Scout Tower
40:31 Scout Tower
40:31 Scout Tower
40:32 Scout Tower
40:32 Scout Tower
40:33 Scout Tower
40:33 Scout Tower
40:33 Scout Tower
40:34 Scout Tower
40:34 Scout Tower
40:34 Scout Tower
40:35 Scout Tower
40:36 Scout Tower
40:36 Scout Tower
40:37 Scout Tower
40:37 Scout Tower
40:37 Scout Tower
40:37 Scout Tower
40:38 Scout Tower
40:38 Scout Tower
41:25 Keep
42:25 Blacksmith
42:28 Scout Tower
42:28 Scout Tower
42:29 Scout Tower
42:29 Scout Tower
42:29 Scout Tower
42:39 Town Hall
43:05 Arcane Tower
43:08 Arcane Tower
43:35 Town Hall
44:42 Scout Tower
44:42 Scout Tower
44:43 Scout Tower
44:44 Scout Tower
44:46 Scout Tower
44:49 Scout Tower
44:52 Scout Tower
44:57 Scout Tower
45:00 Scout Tower
45:02 Scout Tower
45:10 Scout Tower
45:11 Scout Tower
45:11 Scout Tower
45:12 Scout Tower
45:12 Scout Tower
45:12 Scout Tower
45:12 Scout Tower
45:13 Scout Tower
45:13 Scout Tower
45:13 Scout Tower
45:14 Scout Tower
45:16 Guard Tower
45:45 Scout Tower
45:47 Scout Tower
45:48 Scout Tower
45:49 Scout Tower
45:49 Scout Tower
45:51 Scout Tower
45:58 Scout Tower
45:58 Scout Tower
45:59 Scout Tower
46:00 Scout Tower
46:01 Scout Tower
46:01 Scout Tower
46:01 Scout Tower
46:02 Scout Tower
46:02 Scout Tower
46:03 Scout Tower
46:21 Guard Tower
46:21 Guard Tower
46:41 Guard Tower
46:43 Guard Tower
46:43 Guard Tower
46:55 Guard Tower
46:56 Guard Tower
47:26 Guard Tower
47:54 Castle
47:56 Altar of Kings
48:00 Gryphon Aviary
48:01 Gryphon Aviary
49:48 Scout Tower
49:49 Scout Tower
49:50 Scout Tower
49:50 Scout Tower
49:50 Scout Tower
49:51 Scout Tower
49:51 Scout Tower
49:51 Scout Tower
49:51 Scout Tower
49:52 Scout Tower
49:52 Scout Tower
49:52 Scout Tower
49:52 Scout Tower
49:53 Scout Tower
50:15 Arcane Tower
50:25 Guard Tower
50:34 Guard Tower
50:42 Scout Tower
50:42 Scout Tower
50:43 Scout Tower
50:43 Scout Tower
50:46 Scout Tower
50:51 Scout Tower
50:51 Scout Tower
50:52 Scout Tower
50:52 Scout Tower
50:52 Scout Tower
50:52 Scout Tower
50:53 Scout Tower
50:53 Scout Tower
50:53 Scout Tower
50:53 Scout Tower
50:59 Scout Tower
50:59 Scout Tower
50:59 Scout Tower
51:00 Scout Tower
51:00 Scout Tower
51:01 Scout Tower
51:01 Scout Tower
51:02 Scout Tower
51:02 Scout Tower
51:02 Scout Tower
51:02 Scout Tower
51:03 Scout Tower
51:03 Scout Tower
51:03 Scout Tower
51:04 Scout Tower
51:04 Scout Tower
51:04 Scout Tower
51:04 Scout Tower
51:05 Scout Tower
51:05 Scout Tower
51:05 Scout Tower
51:05 Scout Tower
51:19 Guard Tower
51:56 Guard Tower
52:00 Scout Tower
52:05 Guard Tower
52:05 Guard Tower
52:06 Scout Tower
52:07 Scout Tower
52:07 Scout Tower
52:07 Scout Tower
52:07 Scout Tower
52:10 Guard Tower
52:10 Guard Tower
52:14 Scout Tower
52:14 Scout Tower
52:15 Scout Tower
52:15 Scout Tower
52:16 Scout Tower
52:17 Scout Tower
52:18 Scout Tower
52:18 Scout Tower
52:18 Scout Tower
52:19 Scout Tower
52:26 Guard Tower
52:26 Guard Tower
52:28 Scout Tower
52:38 Guard Tower
52:42 Guard Tower
52:58 Guard Tower
53:09 Guard Tower
53:10 Scout Tower
53:11 Scout Tower
53:13 Scout Tower
53:14 Scout Tower
53:32 Guard Tower
53:34 Scout Tower
53:35 Scout Tower
53:35 Scout Tower
53:35 Scout Tower
53:35 Scout Tower
53:36 Scout Tower
53:36 Scout Tower
53:36 Scout Tower
53:36 Scout Tower
53:37 Scout Tower
53:37 Scout Tower
53:47 Guard Tower
53:47 Guard Tower
54:06 Guard Tower
54:08 Guard Tower
54:12 Town Hall
54:17 Guard Tower
54:22 Guard Tower
54:34 Guard Tower
54:36 Guard Tower
54:47 Guard Tower
55:01 Scout Tower
55:02 Scout Tower
55:02 Scout Tower
55:02 Scout Tower
55:02 Scout Tower
55:03 Scout Tower
55:03 Scout Tower
55:03 Scout Tower
55:03 Scout Tower
55:16 Guard Tower
55:18 Scout Tower
55:18 Scout Tower
55:52 Guard Tower
56:05 Guard Tower
56:05 Guard Tower
56:15 Scout Tower
56:16 Guard Tower
56:49 Guard Tower
56:51 Scout Tower
57:10 Guard Tower
57:43 Guard Tower
57:44 Scout Tower
57:45 Scout Tower
58:25 Guard Tower
58:32 Scout Tower
58:32 Scout Tower
59:48 Guard Tower
60:18 Scout Tower
60:19 Scout Tower
60:21 Scout Tower
60:21 Scout Tower
60:56 Guard Tower
61:34 Guard Tower
61:47 Guard Tower
62:11 Guard Tower
62:13 Scout Tower
» items
| Boots of Speed | 1 | |
| Staff of Teleportation | 1 | |
| Tome of Retraining | 1 | |
| Scroll of Regeneration | 1 | |
| Lesser Clarity Potion | 1 | |
5 total
team 2 (loser)
Eredas (
green | 51 APM | 3194 actions | 62:32)
5 Paladin
3 Holy Light
2 Divine Shield
5 Mountain King
3 Storm Bolt
2 Bash
4 Archmage
2 Summon Water Elemental
2 Brilliance Aura
» actions
| Assign group hotkey | 80 | |
| Basic commands | 126 | |
| Build / train | 178 | |
| Enter build submenu | 38 | |
| Enter hero's abilities submenu | 14 | |
| Give item / drop item | 9 | |
| Remove unit from queue | 3 | |
| Right click | 925 | |
| Select / deselect | 1057 | |
| Select group hotkey | 422 | |
| Use ability | 338 | |
3194 total
» units
| Peasant | 63 | |
| Footman | 4 | |
| Rifleman | 4 | |
| Sorceress | 2 | |
| Spell Breaker | 1 | |
| Goblin Zeppelin | 18 | |
| Gryphon Rider | 7 | |
| Dragonhawk Rider | 19 | |
| Goblin Shredder | 1 | |
119 total
» upgrades
| Defend | 1 | |
| Masonry | 3 | |
| Swords | 3 | |
| Storm Hammers | 1 | |
| Cloud | 1 | |
| Animal War Training | 1 | |
| Magic Sentry | 1 | |
| Lumber Harvesting | 1 | |
| Armor | 1 | |
| Control Magic | 1 | |
| Backpack | 0 | |
14 total
» buildings
| Altar of Kings | 2 | |
| Farm | 11 | |
| Barracks | 1 | |
| Lumber Mill | 2 | |
| Scout Tower | 3 | |
| Arcane Tower | 1 | |
| Arcane Vault | 2 | |
| Keep | 3 | |
| Blacksmith | 1 | |
| Guard Tower | 2 | |
| Castle | 1 | |
| Arcane Sanctum | 1 | |
| Gryphon Aviary | 3 | |
| Town Hall | 5 | |
| Workshop | 1 | |
39 total
» build order
00:20 Altar of Kings
00:37 Farm
00:51 Barracks
01:03 Farm
01:28 Lumber Mill
01:40 Scout Tower
02:07 Farm
02:16 Arcane Tower
02:54 Arcane Vault
03:40 Keep
03:40 Keep
03:52 Scout Tower
04:16 Blacksmith
04:21 Guard Tower
05:14 Farm
06:31 Castle
06:53 Arcane Sanctum
08:47 Farm
08:53 Gryphon Aviary
09:04 Town Hall
10:14 Farm
16:09 Farm
16:21 Scout Tower
16:23 Gryphon Aviary
16:26 Town Hall
16:54 Workshop
16:57 Lumber Mill
16:58 Guard Tower
19:46 Farm
22:34 Town Hall
27:23 Town Hall
36:07 Arcane Vault
36:11 Gryphon Aviary
36:37 Altar of Kings
37:17 Farm
46:50 Town Hall
53:05 Farm
53:07 Farm
» items
| Scroll of Regeneration | 1 | |
| Lesser Clarity Potion | 1 | |
| Potion of Lesser Invulnerability | 1 | |
| Scroll of Town Portal | 5 | |
| Staff of Sanctuary | 1 | |
| Orb of Fire | 2 | |
| Potion of Healing | 2 | |
| Potion of Mana | 2 | |
15 total
Chat log
(00:23 / All) grannysghost: legolas the noob
(01:24 / All) grannysghost: legolas the poop suker
(11:43 / All) grannysghost: do you like towers?
(11:48 / All) Eredas: nope
(29:12 / All) grannysghost: u must have like 4000 gold in items
(29:18 / All) grannysghost: if ur leaving the manaburn beast on the gorund
(29:19 / All) Eredas: heh
(32:53 / All) grannysghost: why dont u sell ur precious items and rebuild
(33:01 / All) grannysghost: ur gonna look really dumb with 5000 in items when ur last building dies
(33:03 / All) Eredas: i like itemz, heh
(36:39 / All) grannysghost: all those items on a dead hero
(36:40 / All) grannysghost: what a wast
(50:40 / All) Eredas: lol, how much gold u got saved up?
(50:48 / All) grannysghost: i spent it all
(50:58 / All) Eredas: wow..lotta towers..
(53:32 / All) Eredas: well, im stuck..
(53:40 / All) grannysghost: too bad u have so many heros
(53:45 / All) grannysghost: or u would be level 6 on am by now
(56:43 / All) Eredas: well shit..
(62:31 / All) Eredas: well, gg i guess